 Dungeon Crawl Stone Soup version 0.26.0-11-g8f856b5395 (webtiles) character file.

Game seed: 9567313387100515384

54 runemasterragnar the Skirmisher (level 3, -3/37 HPs)
             Began as an Ogre Arcane Marksman on Jan 15, 2021.
             Slain by a howler monkey (5 damage)
             ... on level 3 of the Dungeon.
             The game lasted 00:03:34 (2825 turns).

runemasterragnar the Skirmisher (OgAM)              Turns: 2825, Time: 00:03:35

Health: -3/37      AC:  3    Str: 14    XL:     3   Next: 91%
Magic:  4/4        EV: 10    Int: 15    God:
Gold:   134        SH:  0    Dex:  9    Spells: 3/4 levels left

rFire    + . .     SeeInvis .   e - -2 mace
rCold    + . .     Faith    .   (no shield)
rNeg     . . .     Spirit   .   a - +0 robe
rPois    .         Reflect  .   (helmet restricted)
rElec    .         Harm     .   (no cloak)
rCorr    +         Rampage  .   (gloves unavailable)
Will     .....                  (boots unavailable)
Stlth    +.........             (no amulet)
HPRegen  0.12/turn              i - ring of resist corrosion
MPRegen  0.09/turn              (no ring)

@: no status effects
A: large, unfitting armour, cold resistance 1, fire resistance 1, low mp 1,
sense surroundings 1, tough skin 1
a: no special abilities


You were on level 3 of the Dungeon.
You visited 1 branch of the dungeon, and saw 3 of its levels.

You collected 134 gold pieces.

Inventory:

Hand Weapons
 e - a -2 mace (weapon)
Missiles
 c - 2 large rocks (quivered)
 d - 2 throwing nets
Armour
 a - a +0 robe (worn)
Jewellery
 f - an uncursed amulet of the acrobat {unknown}
 i - a ring of resist corrosion (left hand)
Potions
 b - a potion of heal wounds
 g - a potion of cancellation
 h - 2 potions of invisibility
 j - a potion of mutation


   Skills:
 * Level 3.2 Fighting
 + Level 1.0 Maces & Flails
 + Level 2.4 Throwing
 + Level 2.2 Dodging
 - Level 1.2 Spellcasting
 - Level 2.6 Hexes


You had 3 spell levels left.
You knew the following spells:

 Your Spells              Type           Power        Failure   Level
a - Corona                Hex            8%           9%          1

Your spell library contained the following spells:

 Spells                   Type           Power        Failure   Level
 Slow                     Hex            8%           12%         2
 Inner Flame              Hex/Fire       4%           38%         3
 Portal Projectile        Hex/Tloc       8%           38%         3
 Cause Fear               Hex            4%           63%         4
 Leda's Liquefaction      Hex/Erth       2%           80%         4


Dungeon Overview and Level Annotations

Branches:
Dungeon (3/15)

Altars:
Wu Jian


Innate Abilities, Weirdness & Mutations

You are too large for most types of armour.
You have tough skin. (AC +1)
Your flesh is cold resistant. (rC+)
Your flesh is heat resistant. (rF+)
Your magical capacity is low. (-10% MP)
You passively map a small area around you.


Message History

You hit the howler monkey.
The howler monkey is severely wounded.
The howler monkey barely misses you.
It was a potion of mutation.
You feel extremely strange.
You feel a strange attunement to the structure of the dungeons.
You feel less energetic.
You feel resistant to heat.
You feel resistant to cold. The howler monkey closely misses you.
Okay, then.
Okay, then.
Throw: 3 large rocks
Press: ? - help, Q - select action, (/) - cycle Shift-Dir - straight line, f - howler monkey
Aim: a howler monkey (severely wounded)
You throw a large rock. The large rock hits the howler monkey.
The howler monkey is almost dead.
The howler monkey hits you.
* * * LOW HITPOINT WARNING * * *
The howler monkey hoots and howls with incredible vigour!
The howler monkey hits you.
You die...

* , # #. .. ,
#.*#.# #. ,
#.##..#.. *∩ <
##..!.... 8
#........ ,
......# ,, ,
**#..h# , #..@# #
# * #...# .#
#.###...###.### *
* ...............
####........### *,
#........#### ,
#............ , ,
#........### , , ,
##..........###.#.


You could see a howler monkey (catching breath).

Vanquished Creatures
  An adder (D:2)
  2 oozes (D:1)
  2 leopard geckos
  A bat (D:2)
  4 giant cockroaches
  4 goblins
  2 hobgoblins
  2 jackals (D:2)
  A ball python (D:1)
  4 frilled lizards (D:1)
  3 kobolds (D:1)
  11 rats
37 creatures vanquished.

Notes
Turn   | Place    | Note
-------+----------+-------------------------------------------
     0 | D:1      | runemasterragnar the Ogre Arcane Marksman began the quest
                  | for the Orb.
     0 | D:1      | Reached XP level 1. HP: 19/19 MP: 2/2
     0 | D:1      | Noticed a minotaur zombie
     1 | D:1      | Noticed a merfolk zombie
    19 | D:1      | Noticed a merfolk zombie
   491 | D:1      | Reached skill level 2 in Fighting
   497 | D:1      | Reached XP level 2. HP: 23/28 MP: 3/3
  1356 | D:1      | Reached XP level 3. HP: 29/36 MP: 4/4
  1829 | D:2      | Reached skill level 3 in Fighting
  2047 | D:2      | Reached skill level 1 in Maces & Flails
  2677 | D:2      | Found an ornate altar of the Wu Jian Council.
  2824 | D:3      | Gained mutation: You passively map a small area around you.
                  | [potion of mutation]
  2824 | D:3      | Gained mutation: Your magical capacity is low. (-10% MP)
                  | [potion of mutation]
  2824 | D:3      | Gained mutation: Your flesh is heat resistant. (rF+)
                  | [potion of mutation]
  2824 | D:3      | Gained mutation: Your flesh is cold resistant. (rC+)
                  | [potion of mutation]
  2825 | D:3      | Slain by a howler monkey

Illustrated notes

Levels and vault maps discovered:
D:1:      shiori_arrival_whats_in_store_for_you, layout_loops_ring
D:2:      layout_basic, nzn_wu_jian_council_hall
D:3:      gammafunk_wand_slinger, layout_loops_ring, ebering_ghost_gozag

Skill      XL: |  1  2  3 |
---------------+----------+-----
Fighting       | 2 3 |  3.2
Dodging        | 2 |  2.2
Maces & Flails | 1 |  1.0
Throwing       | |  2.4
Spellcasting   | |  1.2
Hexes          | |  2.6

Action                   || total
-------------------------++-------
Melee: Mace              ||   151
       Dagger            ||    66
Throw: Large rock        ||    15
       Throwing net      ||     1
  Use: Scroll            ||     4
       Potion            ||     3
 Stab: Held in net/web   ||     1
       Sleeping          ||     1
Armor: Robe              ||    98
Dodge: Dodged            ||   162
